 Dungeon Crawl Stone Soup version 0.30.0-29-ga12c61a403 (webtiles) character file.

Game seed: 16342940898454247916

134290 BONEBRO the Executioner (level 17, -25/122 HPs)
             Began as a Hill Orc Berserker on June 11, 2023.
             Was a High Priest of Trog.
             Killed from afar by a deep elf annihilator (64 damage)
             ... with a crystal spear
             ... on level 3 of the Elven Halls on June 12, 2023.
             The game lasted 02:26:18 (25039 turns).

BONEBRO the Executioner (Hill Orc Berserker)       Turns: 25039, Time: 02:26:19

Health: -25/122    AC: 40    Str: 28    XL:     17   Next: 16%
Magic:  17/17      EV:  7    Int:  7    God:    Trog [*****.]
Gold:   3567       SH: 16    Dex: 10    Spells: 16/16 levels left

rFire   + + +        l - +4 broad axe (freeze)
rCold   + . .        c - +0 kite shield
rNeg    + . .        U - +9 scales of the Dragon King {rPois rF+ rC+ Will+}
rPois   +            W - +0 helmet
rElec   .            r - scarf {repulsion}
rCorr   .            t - +0 pair of gloves
SInv    .            b - +2 pair of boots
Will    ++++.        V - amulet of reflection Stlth
                     A - ring "Jaulitirgh" {Wiz rPois rF++ rN+ Slay+2}
HPRegen 1.40/turn    w - ring "Sicabb" {+Blink rF+ Slay+4}
MPRegen 0.15/turn

%: repel missiles, reflection, wizardry (x1)
@: about to teleport, strong-willed, on berserk cooldown, regenerating, slowed,
very slow
A: no striking features
a: Renounce Religion, Evoke Blink, Berserk, Trog's Hand, Brothers in Arms


You were on level 3 of the Elven Halls.
You worshipped Trog.
Trog was extremely pleased with you.
You visited 4 branches of the dungeon, and saw 21 of its levels.
You also visited: Ossuary, Bailey and Ice Cave.

You collected 3913 gold pieces.
You spent 346 gold pieces at shops.

Inventory:

Hand Weapons
 g - a +8 antimagic executioner's axe
 l - a +4 broad axe of freezing (weapon)
 F - the +8 broad axe of Elenowui {heavy, Will+ Str+4}
   (Trog gifted it to you on level 2 of the Orcish Mines)

   Str:       It affects your strength (+4).
   Will:      It increases your willpower.
 G - a +2 hand axe of flaming
 S - a +9 spectral war axe
Missiles
 o - 4 datura-tipped darts
 N - 6 atropa-tipped darts (quivered)
 Z - 11 poisoned darts
Armour
 b - a +2 pair of boots (worn)
 c - a +0 kite shield (worn)
 p - the +0 leather armour of Music {Str+6 Dex-2}
   (You took it off a deep elf master archer on level 3 of the Elven Halls)

   Str:       It affects your strength (+6).
   Dex:       It affects your dexterity (-2).
 r - a scarf of repulsion (worn)
 t - a +0 pair of gloves (worn)
 y - an orb of mayhem
 E - +0 ice dragon scales
 L - a scarf of resistance
 U - the +9 scales of the Dragon King (worn) {rPois rF+ rC+ Will+}
   (You found it on level 11 of the Dungeon)

   rF:        It protects you from fire.
   rC:        It protects you from cold.
   rPois:     It protects you from poison.
   Will:      It increases your willpower.
 W - a +0 helmet (worn)
Jewellery
 a - a ring of fire
 d - a ring of poison resistance
 v - a +4 ring of protection
 w - the ring "Sicabb" (right hand) {+Blink rF+ Slay+4}
   (You found it on level 11 of the Dungeon)

   [ring of slaying]

   Slay:      It affects your accuracy & damage with ranged weapons and melee
   (+4).
   rF:        It protects you from fire.
   +Blink:    It lets you blink.
 A - the ring "Jaulitirgh" (left hand) {Wiz rPois rF++ rN+ Slay+2}
   (You took it off an orc on level 6 of the Dungeon)

   [ring of wizardry]

   It improves your spell success rate.
   Slay:      It affects your accuracy & damage with ranged weapons and melee
   (+2).
   rF:        It greatly protects you from fire.
   rPois:     It protects you from poison.
   rN:        It protects you from negative energy.
 B - an amulet of regeneration
 V - an amulet of reflection (around neck)
 Y - a ring of positive energy
Wands
 q - a wand of flame (6)
 z - a wand of mindburst (58)
 Q - a wand of roots (8)
 T - a wand of paralysis (18)
 X - a wand of digging (5)
Scrolls
 f - a scroll of blinking
 i - 3 scrolls of teleportation
 j - 6 scrolls of magic mapping
 m - 3 scrolls of fear
 n - 3 scrolls of brand weapon
 u - 3 scrolls of immolation
 H - 3 scrolls of identify
 J - 7 scrolls of amnesia
 K - 2 scrolls of noise
 M - 4 scrolls of enchant armour
 O - 3 scrolls of poison
 R - a scroll of silence
Potions
 e - 8 potions of curing
 h - 7 potions of mutation
 k - 3 potions of heal wounds
 s - 5 potions of brilliance
 x - 4 potions of flight
 C - a potion of invisibility
 I - 2 potions of resistance
 P - a potion of berserk rage
Miscellaneous
 D - a box of beasts


   Skills:
 - Level 3.7 Fighting
 * Level 24.7 Axes
 - Level 21.8 Armour
 - Level 1.6 Dodging
 - Level 12.6 Shields


You had 16 spell levels left.
You didn't know any spells.
Your spell library contained the following spells:

 Spells                   Type           Power      Damage    Failure   Level
 Anguish                  Hex/Necr       0%         N/A       100%        4
 Cause Fear               Hex            0%         N/A       100%        4
 Enfeeble                 Hex            0%         N/A       100%        7


Dungeon Overview and Level Annotations

Branches:
Dungeon (15/15)            Temple (1/1) D:7            Lair (0/5) D:8
    Orc (2/2) D:9             Elf (3/3) Orc:2        Vaults (0/5) D:13
 Depths (0/4) D:15        Ossuary (visited)          Bailey (visited)
  IceCv (visited)

Altars:
Ashenzari
Cheibriados
Dithmenos
Elyvilon
Fedhas
Gozag
Hepliaklqana
Kikubaaqudgha
Makhleb
Nemelex Xobeh
Okawaru
Qazlal
Ru
Sif Muna
Trog
Uskayaw
Vehumet
Wu Jian
Xom
Yredelemnul
Zin
The Shining One
Beogh

Shops:
D:4 (   D:12 :   D:14 *   Orc:2 (*=!   Elf:1 [   Elf:3 ([

Portals:
Pandemonium: Orc:2
Trove: D:14 (give 16 potions of curing)

Annotations:
D:6 3 runed translucent doors, PaiMei's ghost, novice MfIE
Elf:1 6 runed translucent doors, Nikola
Elf:2 4 runed translucent doors, Fractals's ghost, adept MiBe; bairyn's ghost, adept AtFi; kmckee's ghost, adept MiFi


Message History

You block the orange demon's attack.
The deep elf annihilator gestures at you while chanting.
The crystal spear hits you!!! You block the hellwing's attack.
The hellwing hits you.
Things that are here:
the +4 glaive of Fate {flame, rPois rCorr Dex-4}; a +0 chain mail; an elf corpse
As you read the scroll of teleportation, it crumbles to dust.
You feel strangely unstable. The red devil misses you.
You block the orange demon's attack.
The deep elf demonologist mumbles some strange words.
You block the hellwing's attack. x2; You block the red devil's attack.
The deep elf demonologist hits you from afar with a +2 spear of flaming.
The orange demon barely misses you.
You block the deep elf demonologist's attack.
The deep elf annihilator casts a spell.
The deep elf annihilator blinks!
You closely miss the deep elf annihilator.
The deep elf annihilator is severely wounded.
You closely miss the neqoxec. You slice the deep elf demonologist!!
You freeze the deep elf demonologist! You hit the hellwing but do no damage.
The neqoxec disappears in a puff of smoke!
You block the hellwing's attack. x2; You block the red devil's attack.
You block the deep elf demonologist's attack.
You block the orange demon's attack.
The deep elf annihilator points at you and mumbles some strange words.
The iron shot hits you!
The deep elf demonologist hits you but does no damage.
The orange demon stings you but does no damage.
You hit the deep elf demonologist. You freeze the deep elf demonologist.
The deep elf demonologist is severely wounded.
You slash the hellwing! You freeze the hellwing.
You slash the deep elf annihilator! You freeze the deep elf annihilator.
The hellwing barely misses you. You block the hellwing's attack.
You block the red devil's attack.
You block the deep elf demonologist's attack.
The orange demon stings you but does no damage.
The deep elf annihilator gestures at you while chanting.
The crystal spear hits you!!!
Ouch! That really hurt!
You die...

..# ..... ...
..## .... ..#
...# ...###..
...# ##...#..
...#
##..ยง...
..##
##......# ..#
#....e44##
###
#....434.##
#....ee@)4##
##....e#)).##
##...###)..#
# ##.###)))##
## ####.).##
.# #.).##.#
.# ###.##..#
.# ##.....#
.#
####..)...#


You could see 2 deep elf annihilators, 2 deep elf demonologists, 2 orange
demons, a hellwing (summoned), an ice devil (summoned), a smoke demon (summoned)
and a red devil (summoned).

Vanquished Creatures
  2 deep elf master archers (Elf:3)
  Aizul (Elf:3)
  2 deep elf sorcerers (Elf:3)
  4 deep elf elementalists (Elf:3)
  A very ugly thing (D:15)
  6 deep elf demonologists
  5 deep elf annihilators (Elf:3)
  Azrael (Elf:1)
  3 deep elf death magi
  2 deep elf high priests (Elf:1)
  Josephine (D:11)
  A rakshasa (D:15)
  An entropy weaver (shapeshifter) (D:15)
  An ice dragon (IceCv)
  A hydra (D:14)
  A catoblepas (D:13)
  3 demonspawn (Orc:2)
  2 ogre magi
  32 dancing weapons
  10 two-headed ogres
  4 centaur warriors
  A boulder beetle (D:12)
  10 orc high priests
  A soul eater (Orc:2)
  18 deep elf knights
  A fire crab (shapeshifter) (D:13)
  Lodul (D:14)
  4 skeletal warriors (D:15)
  4 deep elf archers
  A glowing orange brain (D:15)
  23 deep elf pyromancers
  21 deep elf zephyrmancers
  5 orc knights
  3 manticores
  6 orc sorcerers
  9 ugly things
  6 cyclopes
  4 slime creatures (D:15)
  2 rust devils (Orc:2)
  A smoke demon (Orc:2)
  2 ice statues (IceCv)
  8 orange demons
  3 gargoyles
  4 rime drakes (IceCv)
  An efreet (D:13)
  A komodo dragon (D:8)
  8 trolls
  A tengu conjurer (D:13)
  3 red devils (D:12)
  A hornet (D:8)
  A blink frog (shapeshifter) (D:15)
  An air elemental (Elf:1)
  2 wyverns
  2 shadows
  9 wraiths
  3 water elementals (Elf:2)
  23 yaks
  A basilisk (D:14)
  Grum (D:8)
  7 fire elementals
  Eustachio (D:5)
  A death yak simulacrum (D:12)
  13 vampire mosquitoes
  5 wargs
  2 acid dragons (D:10)
  A water moccasin (D:7)
  3 hell hounds (Elf:1)
  41 orc warriors
  A sky beast (D:7)
  Duvessa (D:5)
  13 ogres
  3 wolves (D:7)
  6 centaurs
  4 kobold brigands
  2 two-headed ogre simulacra (D:12)
  An earth elemental (Elf:1)
  3 scorpions
  8 wights
  Dowan (D:5)
  2 elephant simulacra (D:12)
  5 lindwurm simulacra (IceCv)
  10 komodo dragon simulacra (IceCv)
  21 orc priests
  4 hounds
  3 jellies
  A gnoll bouda (D:7)
  A sleepcap (D:7)
  An iguana (D:5)
  19 orc wizards
  2 spriggan simulacra (D:12)
  Terence (D:2)
  A troll simulacrum (D:12)
  A mummy (Ossuary)
  9 adders
  3 gnolls (D:7)
  An acid dragon simulacrum (IceCv)
  A shadow imp (D:5)
  2 white imps
  5 steam dragon simulacra (IceCv)
  3 ufetubi
  A worm (D:3)
  76 orcs
  4 bats
  8 endoplasms
  3 giant cockroaches
  9 hobgoblins
  7 jackals
  28 kobolds
  9 quokkas
  6 ball pythons
  A frilled lizard (D:3)
  4 gnoll skeletons (Ossuary)
  16 goblins
  A goblin zombie (D:7)
  7 kobold skeletons (Ossuary)
  12 orc skeletons (Ossuary)
  A quokka zombie (D:7)
  5 rats
  A spectral weapon (Elf:3)
692 creatures vanquished.

Vanquished Creatures (collateral kills)
  A deep elf death mage (Elf:3)
  An orc knight (Bailey)
  A wight (D:7)
  2 orcs (D:6)
  3 kobolds
  A kobold skeleton (Ossuary)
  An orc skeleton (Ossuary)
10 creatures vanquished.

Vanquished Creatures (others)
  A deep elf blademaster (Elf:3)
  A gnoll (D:7)
  2 orcs (Elf:1)
  7 spectral weapons
11 creatures vanquished.

Grand Total: 713 creatures vanquished

Notes
Turn   | Place    | Note
-------+----------+-------------------------------------------
     0 | D:1      | BONEBRO the Hill Orc Berserker began the quest for the Orb.
     0 | D:1      | Reached XP level 1. HP: 19/19 MP: 1/1
   163 | D:1      | Reached XP level 2. HP: 27/27 MP: 2/2
   380 | D:1      | Reached skill level 5 in Axes
   505 | D:1      | Reached XP level 3. HP: 28/33 MP: 3/3
   777 | D:2      | Reached ** piety under Trog
  1014 | D:2      | Reached skill level 6 in Axes
  1014 | D:2      | Reached XP level 4. HP: 40/40 MP: 4/4
  1095 | D:2      | Noticed Terence
  1110 | D:2      | Killed Terence
  1115 | D:2      | Found a faded altar of an unknown god.
  1742 | D:3      | Reached skill level 7 in Axes
  2218 | D:3      | Reached XP level 5. HP: 42/46 MP: 5/5
  2332 | D:4      | Reached *** piety under Trog
  2365 | D:4      | Found Hefu's Antique Weapon Shoppe.
  2598 | D:4      | Reached skill level 8 in Axes
  2664 | D:4      | Reached XP level 6. HP: 11/52 MP: 6/6
  3248 | D:4      | Reached skill level 9 in Axes
  3513 | D:5      | Entered Level 5 of the Dungeon
  3619 | D:5      | Noticed Duvessa
  3619 | D:5      | Noticed Dowan
  3629 | D:5      | Killed Duvessa
  3632 | D:5      | Killed Dowan
  3707 | D:5      | Reached skill level 10 in Axes
  3707 | D:5      | Reached XP level 7. HP: 52/58 MP: 7/7
  4067 | D:5      | Found a hazy altar of Hepliaklqana.
  4108 | D:5      | Noticed Eustachio
  4126 | D:5      | Killed Eustachio
  4127 | D:5      | Reached skill level 5 in Armour
  4199 | D:5      | Identified the +4 hand axe of Doom {spect, rElec Dex+3}
  4776 | D:6      | Noticed a yak
  4776 | D:6      | Noticed a yak
  4776 | D:6      | Noticed a yak
  4806 | D:5      | Killed a yak
  4807 | D:5      | Reached XP level 8. HP: 43/66 MP: 8/8
  4990 | D:6      | Found an ornate altar of the Wu Jian Council.
  5455 | D:6      | Found a runed translucent gate.
  5456 | D:6      | Found a runed translucent gate.
  5457 | D:6      | Found a runed translucent gate.
  5457 | D:6      | Noticed a kobold demonologist
  5460 | D:6      | Noticed PaiMei's ghost (novice MfIE)
  5520 | D:6      | Identified the ring "Jaulitirgh" {Wiz rPois rF++ rN+
                  | Slay+2}
  5532 | D:6      | Killed a yak
  5540 | D:6      | Killed a yak
  5621 | D:6      | Identified the +2 helmet of the Equinox {Contam Fly rElec
                  | Slay+2}
  5671 | D:6      | Reached XP level 9. HP: 47/71 MP: 9/9
  5798 | D:6      | Found a basalt altar of Yredelemnul.
  5847 | D:6      | Found a burning altar of Makhleb.
  5849 | D:6      | Found a glowing silver altar of Zin.
  5849 | D:6      | Noticed an angel
  5850 | D:6      | Noticed an Executioner
  6183 | D:7      | Reached skill level 10 in Armour
  6270 | D:7      | Reached **** piety under Trog
  6439 | D:7      | Found a sand-covered staircase.
  6447 | Ossuary  | Entered an ossuary
  7442 | D:7      | Found a staircase to the Ecumenical Temple.
  7448 | Temple   | Entered the Ecumenical Temple
  7707 | D:8      | Noticed Grum
  7781 | D:7      | Reached skill level 1 in Shields
  7805 | D:8      | Killed Grum
  7897 | D:8      | Reached XP level 10. HP: 71/78 MP: 10/10
  7905 | D:8      | Reached skill level 5 in Shields
  8086 | D:8      | Found a staircase to the Lair.
  8338 | D:8      | Found a blossoming altar of Fedhas.
  8495 | D:8      | Found an iron altar of Okawaru.
  8763 | D:8      | Found a shimmering altar of Xom.
  9052 | D:9      | Reached skill level 10 in Shields
  9059 | D:9      | Found a flagged portal.
  9067 | Bailey   | Entered a bailey
  9181 | Bailey   | Reached ***** piety under Trog
  9317 | Bailey   | Reached XP level 11. HP: 83/83 MP: 11/11
  9372 | Bailey   | Noticed an orc knight
  9384 | Bailey   | Killed an orc knight
  9830 | Bailey   | Identified the staff of poison "Neirybb" {rPois rC- Will-
                  | Dex+6 SInv}
  9985 | D:9      | Noticed a two-headed ogre
  9996 | D:9      | Killed a two-headed ogre
 10118 | D:9      | Noticed a +0 dagger
 10118 | D:9      | Noticed a +0 short sword
 10119 | D:9      | Noticed a +0 short sword
 10119 | D:9      | Noticed a +0 falchion
 10119 | D:9      | Noticed a +0 spear
 10119 | D:9      | Noticed a +0 falchion
 10120 | D:9      | Noticed a +0 dagger
 10120 | D:9      | Noticed a +0 spear
 10234 | D:9      | Found a staircase to the Orcish Mines.
 10475 | D:9      | Found a faded altar of an unknown god.
 10651 | D:9      | Found a hide-covered altar of Uskayaw.
 10817 | D:10     | Entered Level 10 of the Dungeon
 11059 | D:10     | Reached skill level 11 in Axes
 11508 | D:10     | Found an opulent altar of Gozag.
 11771 | D:10     | Reached skill level 12 in Axes
 12253 | D:11     | Noticed a two-headed ogre
 12254 | D:11     | Identified the ring "Sicabb" {+Blink rF+ Slay+4}
 12262 | D:11     | Killed a two-headed ogre
 12263 | D:11     | Reached skill level 13 in Axes
 12325 | D:11     | Noticed Josephine
 12333 | D:11     | Killed Josephine
 12335 | D:11     | Reached XP level 12. HP: 91/91 MP: 12/12
 12345 | D:11     | Reached skill level 14 in Axes
 12412 | D:11     | Found the +9 scales of the Dragon King {rPois rF+ rC+
                  | Will+}
 12635 | D:12     | Noticed a boulder beetle
 12642 | D:12     | Killed a boulder beetle
 12738 | D:12     | Found Baesinon's Book Boutique.
 12770 | D:12     | Found a frozen archway.
 12922 | IceCv    | Entered an ice cave
 13792 | IceCv    | Noticed an ice dragon
 13815 | IceCv    | Killed an ice dragon
 14083 | D:12     | Reached skill level 15 in Armour
 14530 | D:12     | Noticed a centaur warrior
 14542 | D:12     | Killed a centaur warrior
 14780 | D:13     | Noticed a centaur warrior
 14781 | D:13     | Noticed a two-headed ogre
 14785 | D:13     | Killed a two-headed ogre
 14786 | D:13     | Reached XP level 13. HP: 96/96 MP: 13/13
 14980 | D:13     | Found a gate to the Vaults.
 15712 | D:14     | Found Domeir's Assorted Antiques.
 15774 | D:14     | Noticed Lodul
 15801 | D:14     | Killed Lodul
 16408 | D:14     | Received a gift from Trog
 16545 | D:14     | Found a portal to a secret trove of treasure.
 16753 | D:15     | Entered Level 15 of the Dungeon
 17260 | D:15     | Reached XP level 14. HP: 103/103 MP: 14/14
 17365 | D:15     | Found a broken altar of Ashenzari.
 17388 | D:15     | Noticed a red very ugly thing
 17398 | D:15     | Killed a red very ugly thing
 17462 | D:15     | Found a staircase to the Depths.
 18033 | Orc:1    | Entered Level 1 of the Orcish Mines
 18333 | Orc:2    | Entered Level 2 of the Orcish Mines
 18575 | Orc:2    | Found a roughly hewn altar of Beogh.
 18688 | Orc:2    | Found Redemali's General Store.
 18690 | Orc:2    | Found Ogrudd's Distillery.
 18702 | Orc:2    | Identified the +8 broad axe of Elenowui {heavy, Will+
                  | Str+4} (Trog gifted it to you on level 2 of the Orcish
                  | Mines)
 18702 | Orc:2    | Received a gift from Trog
 18920 | Orc:2    | Bought a scroll of identify for 30 gold pieces
 18920 | Orc:2    | Bought a scroll of identify for 30 gold pieces
 18920 | Orc:2    | Bought a scroll of identify for 30 gold pieces
 18922 | Orc:2    | Bought a potion of haste for 160 gold pieces
 18922 | Orc:2    | Bought a potion of curing for 48 gold pieces
 18922 | Orc:2    | Bought a potion of curing for 48 gold pieces
 19434 | Orc:2    | Reached XP level 15. HP: 49/108 MP: 15/15
 19439 | Orc:2    | Reached skill level 15 in Axes
 19616 | Orc:2    | Found Ifidah's Jewellery Shop.
 19616 | Orc:2    | Found Jurucee's Antique Weapon Boutique.
 19617 | Orc:2    | Found a one-way gate leading to the halls of Pandemonium.
 19702 | Orc:2    | Found a staircase to the Elven Halls.
 19755 | Orc:2    | Found a bloodstained altar of Trog.
 19881 | Elf:1    | Entered Level 1 of the Elven Halls
 19915 | Elf:1    | Reached skill level 16 in Axes
 20218 | Elf:1    | Noticed a Hell Sentinel
 20256 | Elf:1    | Noticed an Executioner
 20273 | Elf:1    | Reached skill level 17 in Axes
 20282 | Elf:1    | Received a gift from Trog
 20486 | Elf:1    | Found Uzxy's Antique Armour Emporium.
 20507 | Elf:1    | Reached skill level 18 in Axes
 20719 | Elf:1    | Paralysed by an air elemental for 1 turns
 20719 | Elf:1    | Noticed Azrael
 20725 | Elf:1    | Paralysed by an air elemental for 1 turns
 20737 | Elf:1    | Killed Azrael
 21060 | Elf:1    | Found a runed translucent gate.
 21060 | Elf:1    | Found a runed translucent gate.
 21060 | Elf:1    | Found a runed translucent gate.
 21060 | Elf:1    | Found a runed translucent gate.
 21060 | Elf:1    | Found a runed translucent gate.
 21061 | Elf:1    | Noticed a shadow dragon
 21061 | Elf:1    | Noticed a shadow dragon
 21062 | Elf:1    | Found a runed translucent gate.
 21209 | Elf:1    | Noticed Nikola
 21224 | Elf:2    | Found a runed translucent gate.
 21224 | Elf:2    | Found a runed translucent gate.
 21224 | Elf:2    | Found a runed translucent gate.
 21226 | Elf:2    | Noticed Fractals's ghost (adept MiBe)
 21226 | Elf:2    | Noticed kmckee's ghost (adept MiFi)
 21227 | Elf:2    | Noticed bairyn's ghost (adept AtFi)
 21263 | Elf:2    | Reached skill level 19 in Axes
 21356 | Elf:2    | Identified the +4 spear "Lihuts" {speed, rF+}
 21363 | Elf:2    | Noticed an Ice Fiend
 21375 | Elf:2    | Received a gift from Trog
 21964 | Elf:2    | Reached skill level 20 in Axes
 22032 | Elf:2    | Reached XP level 16. HP: 98/116 MP: 16/16
 22217 | Elf:2    | Found a runed translucent door.
 22245 | Elf:2    | Found a runed translucent door.
 22677 | Elf:2    | Reached skill level 21 in Axes
 22943 | Elf:2    | Received a gift from Trog
 22962 | Elf:2    | Reached skill level 22 in Axes
 23792 | Elf:3    | Entered Level 3 of the Elven Halls
 23836 | Elf:3    | Found Ronacliz's Antique Armour Shop.
 23836 | Elf:3    | Found Tagalin's Antique Weapon Boutique.
 24092 | Elf:3    | Reached skill level 23 in Axes
 24419 | Elf:3    | Noticed a deep elf blademaster
 24427 | Elf:3    | Received a gift from Trog
 24433 | Elf:3    | Killed a deep elf blademaster
 24433 | Elf:3    | Noticed a deep elf master archer
 24547 | Elf:3    | Noticed Aizul
 24566 | Elf:3    | Identified the +4 glaive of Ranosig {vamp, rElec rPois rC+
                  | Int+7}
 24566 | Elf:3    | Identified the ring "Muiku" {Fire rElec rN+ Will+ Str-3}
 24569 | Elf:3    | Killed Aizul
 24569 | Elf:3    | Reached ****** piety under Trog
 24692 | Elf:3    | Identified the +5 mace "Quthraid" {protect, rCorr}
 24718 | Elf:3    | Identified the +0 leather armour of Music {Str+6 Dex-2}
 24718 | Elf:3    | Identified the amulet "Hiedenish" {Faith rN+ Int+2 Dex+3}
 24720 | Elf:3    | Reached skill level 24 in Axes
 24747 | Elf:3    | Reached XP level 17. HP: 37/122 MP: 17/17
 24755 | Elf:3    | Killed a deep elf master archer
 25004 | Elf:3    | Identified the +4 glaive of Fate {flame, rPois rCorr Dex-4}
 25019 | Elf:3    | Noticed a deep elf master archer
 25031 | Elf:3    | Killed a deep elf master archer
 25039 | Elf:3    | Killed from afar by a deep elf annihilator

Illustrated notes

Levels and vault maps discovered:
D:1:      minmay_arrival_wavy_path, layout_rooms, serial_bayou_pond_e,
          hangedman_glass_teeth, minmay_cupped
D:2:      layout_rooms, shapermc_ecumenical_altar_acropolis, grunt_ministairs_2,
          nicolae_concentric_dashed_squares_wild, minmay_3d_cube, uniq_terence
D:3:      layout_loops_ring, serial_bayou_pond_d
D:4:      layout_basic, serial_shops, nicolae_shop_window_shopping,
          solitary_fountain, st_stairs_1
D:5:      layout_basic, nicolae_hepliaklqana_hazy_memory, uniq_eustachio,
          uniq_duvessa
D:6:      layout_basic, grunt_temple_overflow_order_and_chaos_2,
          mainiacjoe_overflow_large_starburst, gammafunk_ghost_nasty_kobolds,
          chequers_serial_rivers_small_b
D:7:      layout_basic, minmay_temple_entry_fiery, enter_ossuary_4
D:8:      layout_loops_ring, mainiacjoe_overflow_catwalk_spiral,
          kennysheep_little_box, david_lair_shrubbed, uniq_grum
D:9:      layout_irregular_city, nicolae_uskayaw_en_pointe,
          minmay_orc_entry_guard_dogs, enter_bailey_3, serial_column_ruins,
          column_ruins_temple_circle, column_ruins_hut,
          column_ruins_columns_straight, column_ruins_columns_straight,
          column_ruins_columns_straight, column_ruins_open_small,
          column_ruins_grid_1, column_ruins_corridor_corner, lightli_orcish_oven
D:10:     layout_long_grid, mainiacjoe_overflow_cross_hatched
D:11:     layout_basic, grunt_ministairs_3, uniq_josephine
D:12:     layout_irregular_city, serial_shops, nicolae_book_shop_shelving,
          portal_ice_cave_entry_ice_simulacra, minmay_beelzebubs_servants
D:13:     layout_basic, david_vaults_2
D:14:     layout_irregular_city, nicolae_trove_entry_diagonal,
          nicolae_stop_n_shop_2, uniq_lodul
D:15:     gammafunk_enter_depths_forms, layout_basic, nicolae_ashenzari_skybound
Temple:   nicolae_temple_no_exploring_needed
Orc:1:    layout_caves
Orc:2:    pf_orc_diabolical, layout_caves, basic_altar, kennysheep_orc_chapel
Elf:1:    layout_gridlike, serial_shops, shop, orc_legates, uniq_azrael,
          uniq_asterion, uniq_nikola
Elf:2:    nicolae_elf_blades_splatter_lattice
          [nicolae_blade_entry_splitting_headache], layout_loops_corners,
          gammafunk_ghost_cemetery, minmay_crystal_room, nicolae_elf_m_pinch
Elf:3:    grunt_elf_hall_asides, layout_geoelf_grid, minmay_shoptagon,
          uniq_aizul

Skill      XL: |  1  2  3  4  5  6  7  8  9 10 11 12 13 14 15 16 |
---------------+-------------------------------------------------+-----
Axes           | 5 6 7 8 10 13 14 20 24 | 24.7
Armour         | 6 9 12 16 19 21 | 21.8
Shields        | 4 10 12 | 12.6
Fighting       | |  3.7
Dodging        | |  1.6

Action                     |  1- 3 |  4- 6 |  7- 9 | 10-12 | 13-15 | 16-18 || total
---------------------------+-------+-------+-------+-------+-------+-------++-------
  Melee: Hand axe          |   106 |   173 |   413 |    75 |       |       ||   767
         War axe           |       |       |       |   511 |   656 |   116 ||  1283
         Broad axe         |       |       |       |       |    48 |   177 ||   225
  Throw: Boomerang         |       |       |       |     4 |     1 |       ||     5
 Invoke: Berserk           |     1 |     3 |    11 |    18 |    17 |     4 ||    54
         Brothers in Arms  |       |       |       |     1 |     1 |     1 ||     3
         Trog's Hand       |       |       |       |       |     2 |     1 ||     3
Ability: Evoke Blink       |       |       |       |       |     1 |       ||     1
    Use: Scroll            |       |       |    10 |    12 |    15 |     5 ||    42
         Potion            |       |       |     1 |     6 |     9 |       ||    16
   Stab: Sleeping          |     1 |       |       |       |       |       ||     1
         Distracted        |       |       |       |     2 |     9 |     3 ||    14
         Invisible         |       |       |       |     3 |     1 |       ||     4
 Armour: Animal skin       |    19 |    35 |       |       |       |       ||    54
         Scale mail        |       |       |   141 |       |       |       ||   141
         Plate armour      |       |       |    25 |   107 |       |       ||   132
         Skin              |       |       |       |     3 |       |       ||     3
         Gold dragon scale |       |       |       |    80 |   303 |   112 ||   495
  Dodge: Dodged            |    51 |    86 |   153 |    93 |   104 |    34 ||   521
         Repelled          |       |       |     3 |     2 |     4 |     4 ||    13
  Block: Kite shield       |       |       |    24 |   312 |   419 |   159 ||   914
         Reflection        |       |       |       |    11 |    18 |    12 ||    41
